 Dungeon Crawl Stone Soup version 0.30-a0-845-g7c6808c8ce (webtiles) character file.

Game seed: 12353256680442028104

123 lunkers the Cudgeller (level 5, 0/45 HPs)
             Began as a Meteoran Cinder Acolyte on Mar 2, 2023.
             Was a High Priest of Ignis.
             Succumbed to an adder's poison
             ... on level 4 of the Dungeon.
             The game lasted 00:03:47 (984 turns).

lunkers the Cudgeller (Meteoran Cinder Acolyte)      Turns: 984, Time: 00:03:48

Health: 0/45       AC:  2    Str: 15    XL:     5   Next: 54%
Magic:  0/8        EV: 11    Int: 17    God:    Ignis [*****.]
Gold:   72         SH:  0    Dex: 10    Spells: 4/6 levels left

rFire   + . .      SeeInvis .    a - -1 mace (flame)
rCold   . . .      Faith    .    (no shield)
rNeg    . . .      Spirit   .    b - +0 robe
rPois   .          Reflect  .    (no helmet)
rElec   .          Rampage  .    (no cloak)
rCorr   .                        (no gloves)
Will    .....                    (no boots)
Stlth   +                        (no amulet)
HPRegen 0.27/turn                (no ring)
MPRegen 0.11/turn                (no ring)

@: lethally poisoned (0 -> -3), glowing
A: sense surroundings 1, otherworldly, glowing, explore regen
a: Renounce Religion, Fiery Armour, Foxfire Swarm, Rising Flame


You were on level 4 of the Dungeon.
You worshipped Ignis.
Ignis was extremely pleased with you.
You visited 1 branch of the dungeon, and saw 4 of its levels.

You collected 72 gold pieces.

Inventory:

Hand Weapons
 a - a -1 mace of flaming (weapon)
Armour
 b - a +0 robe (worn)
Scrolls
 d - 2 scrolls of torment
 j - a scroll of vulnerability {unknown}
 k - a scroll of magic mapping {unknown}
Potions
 c - a potion of haste {unknown}
 e - a potion of ambrosia {unknown}
 f - 2 potions of brilliance
 g - a potion of heal wounds {unknown}
 h - a potion of curing
 i - a potion of might {unknown}


   Skills:
 - Level 3.2 Fighting
 + Level 7.4 Maces & Flails
 - Level 1.3 Spellcasting
 - Level 3.6 Fire Magic


You had 4 spell levels left.
You knew the following spells:

 Your Spells              Type           Power      Damage    Failure   Level
b - Scorch                Fire           26%        2d6       7%          2

Your spell library contained the following spells:

 Spells                   Type           Power      Damage    Failure   Level
 Freeze                   Ice            4%         1d3       21%         1
 Frozen Ramparts          Ice            2%         1d1       52%         3
 Hailstorm                Conj/Ice       1%         3d3       52%         3


Dungeon Overview and Level Annotations

Branches:
Dungeon (4/15) Zot: 1403
 Temple: D:4-7

Altars:
Trog


Innate Abilities, Weirdness & Mutations

You passively map a small area around you.
You are easily found by Zot.
You glow in the dark.
You regain HP and MP as you explore.


Message History

You are poisoned.
The adder poisons you! The howler monkey hits you!
* * * LOW HITPOINT WARNING * * *
The howler monkey attacks as you move away!
The howler monkey hits you.
* * * LOW HITPOINT WARNING * * *
* * * LOW HITPOINT WARNING * * *
You feel sick.
The howler monkey hoots and howls with incredible vigour!
It was a potion of curing.
You feel better. The adder barely misses you.
The gnoll hits you from afar with a +0 spear.
* * * LOW HITPOINT WARNING * * *
Casting: Scorch (safe; 7% risk of failure)
Press: ? - help, Q - select action Dir - look around, f - activate Flames lash the adder.
The adder is moderately wounded.
The adder's fire resistance burns away.
* * * LOW MAGIC WARNING * * *
You hear an angry hiss.
The adder misses you.
The gnoll hits you from afar with a +0 spear.
* * * LOW HITPOINT WARNING * * *
You hit the adder. You burn the adder.
The adder is heavily wounded.
The adder bites you.
* * * LOW HITPOINT WARNING * * *
You are poisoned.
The adder poisons you!
The gnoll hits you from afar with a +0 spear.
* * * LOW HITPOINT WARNING * * *
The adder bites you but does no damage.
You closely miss the adder.
The adder is heavily wounded.
* * * LOW HITPOINT WARNING * * *
You feel sick. The adder bites you but does no damage.
The gnoll closely misses you.
A gnoll comes into view. It is wielding a +0 flail.
You completely miss the adder.
The adder is heavily wounded.
You die...

, * * ... , ..#
* , *..# # * ,
, * #)#.# *
####,###.#.# *
.... >....
*#g.##.######.#
*
#....hS@.....#
#.###g########
* , , *#.#* *
.>. , * , ##.##
** , #.. ,
###** , * , , ,
, *


You could see a howler monkey, 2 gnolls and an adder (combustible).

Vanquished Creatures
  An iguana (D:4)
  2 adders (D:2)
  3 worms (D:2)
  3 dart slugs
  8 orcs
  4 endoplasms
  3 giant cockroaches
  5 hobgoblins
  6 jackals
  4 kobolds
  2 quokkas
  3 ball pythons (D:1)
  2 bats (D:3)
  A frilled lizard (D:2)
  4 goblins
  4 rats
55 creatures vanquished.

Notes
Turn   | Place    | Note
-------+----------+-------------------------------------------
     0 | D:1      | lunkers the Meteoran Cinder Acolyte began the quest for the
                  | Orb.
     0 | D:1      | Reached XP level 1. HP: 19/19 MP: 3/3
    89 | D:1      | Reached XP level 2. HP: 23/26 MP: 5/5
    92 | D:1      | Learned a level 2 spell: Scorch
   167 | D:1      | Reached skill level 5 in Maces & Flails
   265 | D:1      | Reached XP level 3. HP: 26/31 MP: 6/6
   491 | D:2      | Reached skill level 6 in Maces & Flails
   491 | D:2      | Reached XP level 4. HP: 15/38 MP: 0/7
   717 | D:3      | Found a bloodstained altar of Trog.
   805 | D:3      | Reached XP level 5. HP: 43/45 MP: 3/8
   910 | D:3      | Reached skill level 7 in Maces & Flails
   983 | D:4      | HP: 1/45 [poisoned by an adder]
   984 | D:4      | Succumbed to an adder's poison

Illustrated notes

Levels and vault maps discovered:
D:1:      wander_arrival_abandoned_jail, layout_loops_ring, roderic_lattice_a
D:2:      layout_basic
D:3:      layout_basic, demons_altar, overflow_temple_1_default
D:4:      layout_loops_ring, mainiacjoe_overflow_surrounded_room,
          kennysheep_mini, marbit_many_paths, serial_shops, shop,
          nicolae_shop_behind_doors, shop, minmay_crystal_room

Skill      XL: |  1  2  3  4  5 |
---------------+----------------+-----
Maces & Flails | 5 6 7 |  7.4
Fighting       | |  3.2
Spellcasting   | |  1.3
Fire Magic     | |  3.6

Action                     |  1- 3 |  4- 6 || total
---------------------------+-------+-------++-------
  Melee: Mace              |    57 |    57 ||   114
         Punch             |     1 |     1 ||     2
   Cast: Scorch            |    12 |    33 ||    45
    Use: Scroll            |       |     3 ||     3
         Potion            |       |     1 ||     1
 Armour: Robe              |    11 |    15 ||    26
  Dodge: Dodged            |    27 |    47 ||    74

Table legend: (Time is in decaauts)
 A = Elapsed time spent in this place.
 B = Non-inter-level travel time spent in this place.
 C = Inter-level travel time spent in this place.
 D = Time resting spent in this place.
 E = Time spent auto-exploring this place.
 F = Levels seen in this place.
 G = Mean time per level.
                   A        B        C        D        E       F      G
               +--------+--------+--------+--------+--------+-----+--------+
         Total |    996 |    985 |     11 |      0 |    596 |   4 |  249.0 |
       Dungeon |    996 |    985 |     11 |      0 |    596 |   4 |  249.0 |
               +--------+--------+--------+--------+--------+-----+--------+

Top non-repeatable levels by time:
     D:2: 354 daAuts
     D:1: 351 daAuts
     D:3: 266 daAuts
     D:4: 24 daAuts
